 Dungeon Crawl Stone Soup version 0.30-a0-585-g93115170b9 (webtiles) character file.

Game seed: 7550188750974594541

425 NinjaNoafa the Ducker (level 6, -3/53 HPs)
             Began as a Gnoll Monk on Jan 2, 2023.
             Slain by a killer bee (8 damage)
             ... on level 6 of the Dungeon on Jan 3, 2023.
             The game lasted 00:16:52 (4171 turns).

NinjaNoafa the Ducker (Gnoll Monk)                  Turns: 4171, Time: 00:16:52

Health: -3/53      AC:  3    Str: 10    XL:     6   Next: 96%
Magic:  9/9        EV: 20    Int: 11    God:
Gold:   229        SH:  0    Dex: 15    Spells: 5/9 levels left

rFire   + . .      SeeInvis .    c - +3 triple sword (protect)
rCold   + . .      Faith    .    (shield currently unavailable)
rNeg    . . .      Spirit   .    i - +0 robe
rPois   +          Reflect  .    (no helmet)
rElec   +          Harm     .    (no cloak)
rCorr   +          Rampage  .    (no gloves)
Will    .....                    n - +0 pair of boots {Stlth+}
Stlth   ++++                     d - amulet of magic regeneration
HPRegen 0.28/turn                h - +5 ring of evasion
MPRegen 0.51/turn                s - ring of wizardry

@: resistant, weak-willed
A: fangs 1, strong nose, distributed training
a: no special abilities


You were on level 6 of the Dungeon.
You visited 1 branch of the dungeon, and saw 5 of its levels.

You collected 229 gold pieces.

Inventory:

Hand Weapons
 a - a +0 scimitar
 b - a +5 dagger
 c - a +3 triple sword of protection (weapon)
Missiles
 o - a throwing net
 z - 3 boomerangs
Armour
 i - a +0 robe (worn)
 n - a +0 pair of boots of stealth (worn)
Jewellery
 d - an amulet of magic regeneration (around neck)
 h - a +5 ring of evasion (left hand)
 l - a ring of protection from cold
 s - a ring of wizardry (right hand)
Wands
 u - a wand of digging (4)
 y - a wand of light (5)
Scrolls
 f - a scroll of immolation
 v - a scroll of blinking {unknown}
Potions
 t - a potion of brilliance


   Skills:
 + Level 6.9 Fighting
 + Level 2.2 Short Blades
 + Level 6.9 Long Blades
 + Level 2.2 Axes
 + Level 2.2 Maces & Flails
 + Level 2.2 Polearms
 + Level 2.2 Staves
 + Level 2.2 Ranged Weapons
 + Level 2.2 Throwing
 + Level 2.2 Armour
 + Level 6.9 Dodging
 + Level 4.8 Stealth
 + Level 2.2 Shields
 + Level 2.2 Unarmed Combat
 + Level 2.2 Spellcasting
 + Level 1.8 Conjurations
 + Level 1.8 Hexes
 + Level 1.8 Summonings
 + Level 1.8 Necromancy
 + Level 1.8 Translocations
 + Level 1.8 Transmutations
 + Level 1.8 Fire Magic
 + Level 1.8 Ice Magic
 + Level 1.8 Air Magic
 + Level 1.8 Earth Magic
 + Level 1.8 Poison Magic
 + Level 2.5 Invocations
 + Level 2.2 Evocations


You had 5 spell levels left.
You knew the following spells:

 Your Spells              Type           Power      Damage    Failure   Level
a - Summon Small Mammal   Summ           20%        N/A       5%          1
b - Necrotise             Necr           20%        1d5       5%          1
c - Ensorcelled Hibernat  Hex/Ice        10%        N/A       9%          2

Your spell library contained the following spells:

 Spells                   Type           Power      Damage    Failure   Level
 Apportation              Tloc           10%        N/A       5%          1
 Gell's Gravitas          Tloc           5%         N/A       16%         3
 Inner Flame              Hex/Fire       5%         N/A       16%         3
 Lesser Beckoning         Tloc           10%        N/A       16%         3
 Portal Projectile        Hex/Tloc       10%        N/A       16%         3
 Spider Form              Tmut/Pois      5%         N/A       16%         3
 Teleport Other           Tloc           5%         N/A       16%         3
 Tukima's Dance           Hex            5%         N/A       16%         3
 Vampiric Draining        Necr           5%         2d6       16%         3
 Anguish                  Hex/Necr       2%         N/A       45%         4
 Flame Wave               Conj/Fire      5%         2d5       45%         4
 Sticky Flame             Conj/Fire      5%         2d3       45%         4
 Agony                    Necr           5%         N/A       78%         5
 Blade Hands              Tmut           2%         N/A       78%         5


Dungeon Overview and Level Annotations

Branches:
Dungeon (6/15)
 Temple: D:4-7

Altars:

Shops:
D:1 *[(


Innate Abilities, Weirdness & Mutations

You have very sharp teeth.
Your uncanny sense of smell can sniff out nearby items.
Your experience applies equally to all skills.


Message History

You swap places.
Your bat closely misses the killer bee.
The killer bee closely misses your bat.
Your bat hits the killer bee but does no damage.
The killer bee barely misses your bat.
Your bat closely misses the killer bee.
Okay, then.
Your bat hits the killer bee. The killer bee misses your bat.
As you read the scroll labelled YTAYDGH RUSEITT, it crumbles to dust.
It is a scroll of enchant weapon.
Your +2 triple sword of protection glows red for a moment.
Your bat misses the killer bee. The killer bee stings your bat!
Your bat dies!
Your bat's corpse disappears in a puff of smoke!
As you read the scroll labelled KAQOWO ZOCITI, it crumbles to dust.
You feel aware of your surroundings.
It was a scroll of magic mapping.
The killer bee completely misses you.
The howler monkey hoots and howls with incredible vigour!
The killer bee closely misses you.
You hear a shout! x2
The air fills with toxic fumes!
As you read the scroll labelled IFYREGG HULIRO, it crumbles to dust.
It was a scroll of poison.
The killer bee misses you. The killer bee stings you.
* * * LOW HITPOINT WARNING * * *
As you read the scroll labelled RUDDUG WATEM, it crumbles to dust.
Your body is wracked with pain!
* * * LOW HITPOINT WARNING * * *
The killer bee convulses! x3
The killer bee buzzes angrily.
The howler monkey convulses!
It was a scroll of torment.
The killer bee closely misses you.
The howler monkey hoots and howls with incredible vigour!
The killer bee closely misses you.
You hear a shout! x2
Okay, then.
You closely miss the killer bee.
The killer bee is severely wounded.
The killer bee stings you.
* * * LOW HITPOINT WARNING * * *
The killer bee stings you!
You die...

#.# #y#*#### #§# #.#..... #§#
#######h#..... #§#
#......b...... #h#
#.#####.#..... #§# #.# #.#.....
#y# #.# #.#*#### #y###.# ##.#
#@#...####..#*****
#§§§§§§§§...#*,,,*
*********########§#y####>##,,,,,
*,,,,,,,,........§§§.#*....,,,,,
*,****+**########.§§§...#....,,,
*,*,,,,,,,* #.§#§##........,
*,*,⌠,,,⌠,* #..#§###.##...$,
*,*,,,,,,,**** #..#.#**,#*#...*
*,+,,,⌠,,,+,,* #..#..,,*,,,###*


You could see a howler monkey (catching breath, weak-willed) and 3 killer bees.

Vanquished Creatures
  Blork the orc (D:4)
  Jessica (D:3)
  Natasha (thrice) (D:3)
  An iguana (D:4)
  4 gnolls
  8 adders
  An ufetubus (D:4)
  3 worms
  3 dart slugs
  5 orcs (D:4)
  4 endoplasms
  5 giant cockroaches
  6 goblins
  5 hobgoblins
  4 jackals (D:2)
  4 kobolds
  5 quokkas
  10 ball pythons
  7 bats
  2 frilled lizards (D:1)
  6 rats
88 creatures vanquished.

Vanquished Creatures (collateral kills)
  Ijyb (D:3)
  2 orcs (D:4)
3 creatures vanquished.

Grand Total: 91 creatures vanquished

Notes
Turn   | Place    | Note
-------+----------+-------------------------------------------
     0 | D:1      | NinjaNoafa the Gnoll Monk began the quest for the Orb.
     0 | D:1      | Reached XP level 1. HP: 23/23 MP: 1/1
   100 | D:1      | Reached XP level 2. HP: 26/29 MP: 2/2
   191 | D:1      | Found Qeshruss's Armour Boutique.
   230 | D:1      | Found a faded altar of an unknown god.
   353 | D:1      | Reached XP level 3. HP: 30/35 MP: 2/4
   397 | D:1      | Found Dafem's Antique Weapon Shoppe.
   750 | D:1      | Reached skill level 1 in Invocations
   770 | D:1      | Found Zisham's General Store.
   989 | D:2      | Reached skill level 1 in Short Blades
   989 | D:2      | Reached skill level 1 in Axes
   989 | D:2      | Reached skill level 1 in Maces & Flails
   989 | D:2      | Reached skill level 1 in Polearms
   989 | D:2      | Reached skill level 1 in Staves
   989 | D:2      | Reached skill level 1 in Ranged Weapons
   989 | D:2      | Reached skill level 1 in Throwing
   989 | D:2      | Reached skill level 1 in Armour
   989 | D:2      | Reached skill level 1 in Shields
   989 | D:2      | Reached skill level 1 in Unarmed Combat
   989 | D:2      | Reached skill level 1 in Spellcasting
   989 | D:2      | Reached skill level 1 in Evocations
  1336 | D:2      | Reached XP level 4. HP: 38/41 MP: 5/5
  1626 | D:2      | Reached skill level 1 in Conjurations
  1626 | D:2      | Reached skill level 1 in Hexes
  1626 | D:2      | Reached skill level 1 in Summonings
  1626 | D:2      | Reached skill level 1 in Necromancy
  1626 | D:2      | Reached skill level 1 in Translocations
  1626 | D:2      | Reached skill level 1 in Transmutations
  1626 | D:2      | Reached skill level 1 in Fire Magic
  1626 | D:2      | Reached skill level 1 in Ice Magic
  1626 | D:2      | Reached skill level 1 in Air Magic
  1626 | D:2      | Reached skill level 1 in Earth Magic
  1626 | D:2      | Reached skill level 1 in Poison Magic
  2177 | D:3      | Noticed Jessica
  2184 | D:3      | Killed Jessica
  2215 | D:3      | Reached XP level 5. HP: 47/47 MP: 7/7
  2504 | D:3      | Noticed Natasha
  2508 | D:3      | Killed Natasha
  2577 | D:3      | Noticed Natasha
  2587 | D:3      | Killed Natasha
  2588 | D:3      | Reached XP level 6. HP: 28/53 MP: 8/8
  2695 | D:3      | Learned a level 1 spell: Summon Small Mammal
  2723 | D:3      | Learned a level 1 spell: Necrotise
  2765 | D:3      | Learned a level 2 spell: Ensorcelled Hibernation
  2884 | D:3      | Noticed Ijyb
  2895 | D:3      | Killed Ijyb
  3040 | D:3      | Noticed Natasha
  3055 | D:3      | Killed Natasha
  3390 | D:4      | Noticed Blork the orc
  3403 | D:4      | Killed Blork the orc
  4087 | D:4      | You fall into a shaft and drop 2 floors!
  4157 | D:6      | Identified a scroll of acquirement
  4157 | D:6      | Acquired a +2 triple sword of protection
  4171 | D:6      | Slain by a killer bee

Illustrated notes

Levels and vault maps discovered:
D:1:      dpeg_arrival_windows_large_door, layout_basic, serial_shops,
          nicolae_shop_hallway_plus, nicolae_square_shop, shop,
          shapermc_ecumenical_altar_mp_highgroup
D:2:      layout_basic
D:3:      layout_loops_ring, serial_rivers, chequers_serial_rivers_micro_e,
          chequers_serial_rivers_large_b, chequers_serial_rivers_micro_b,
          chequers_serial_rivers_room_b, chequers_serial_rivers_small_b,
          uniq_ijyb, uniq_jessica, uniq_natasha
D:4:      layout_loops_corners, supply_closet_lemuel, wad_orctagon,
          uniq_blork_the_orc
D:6:      layout_loops_ring, minmay_fountain_box

Skill      XL: |  1  2  3  4  5  6 |
---------------+-------------------+-----
Invocations    | 1 2 |  2.5
Short Blades   | 1 2 |  2.2
Axes           | 1 2 |  2.2
Maces & Flails | 1 2 |  2.2
Polearms       | 1 2 |  2.2
Staves         | 1 2 |  2.2
Ranged Weapons | 1 2 |  2.2
Throwing       | 1 2 |  2.2
Armour         | 1 2 |  2.2
Shields        | 1 2 |  2.2
Unarmed Combat | 1 2 |  2.2
Spellcasting   | 1 2 |  2.2
Evocations     | 1 2 |  2.2
Conjurations   | 1 |  1.8
Hexes          | 1 |  1.8
Summonings     | 1 |  1.8
Necromancy     | 1 |  1.8
Translocations | 1 |  1.8
Transmutations | 1 |  1.8
Fire Magic     | 1 |  1.8
Ice Magic      | 1 |  1.8
Air Magic      | 1 |  1.8
Earth Magic    | 1 |  1.8
Poison Magic   | 1 |  1.8
Fighting       | |  6.9
Long Blades    | |  6.9
Dodging        | |  6.9
Stealth        | |  4.8

Action                   |  1- 3 |  4- 6 || total
-------------------------+-------+-------++-------
Melee: Falchion          |    94 |    66 ||   160
       Bite              |     7 |    14 ||    21
       Dagger            |     2 |    77 ||    79
       Punch             |       |     1 ||     1
       Scimitar          |       |    31 ||    31
       Triple sword      |       |     4 ||     4
 Cast: Summon Small Mamm |       |    31 ||    31
       Necrotise         |       |    13 ||    13
       Ensorcelled Hiber |       |     9 ||     9
  Use: Scroll            |       |    10 ||    10
       Potion            |       |     3 ||     3
 Stab: Sleeping          |     9 |    16 ||    25
       Distracted        |       |     2 ||     2
Armor: Robe              |    11 |    18 ||    29
Dodge: Dodged            |    81 |   233 ||   314

Table legend: (Time is in decaauts)
 A = Elapsed time spent in this place.
 B = Non-inter-level travel time spent in this place.
 C = Inter-level travel time spent in this place.
 D = Time resting spent in this place.
 E = Time spent auto-exploring this place.
 F = Levels seen in this place.
 G = Mean time per level.
                   A        B        C        D        E       F      G
               +--------+--------+--------+--------+--------+-----+--------+
         Total |   4179 |   4104 |     75 |      0 |   3187 |   5 |  835.8 |
       Dungeon |   4179 |   4104 |     75 |      0 |   3187 |   5 |  835.8 |
               +--------+--------+--------+--------+--------+-----+--------+

Top non-repeatable levels by time:
     D:2: 1215 daAuts
     D:3: 1099 daAuts
     D:1: 930 daAuts
     D:4: 850 daAuts
     D:6: 84 daAuts
